 Dungeon Crawl Stone Soup version 0.23.1 (webtiles) character file.

Game seed: 14846744593189946889

28 Borgoz the Sneak (level 3, -12/26 HPs)
             Began as a Ghoul Enchanter on Mar 14, 2019.
             Mangled by a wyvern zombie (15 damage)
             ... on level 2 of the Dungeon.
             The game lasted 00:02:03 (1052 turns).

Borgoz the Sneak (Ghoul Enchanter)                  Turns: 1052, Time: 00:02:03

Health: -12/26     AC:  3    Str: 11    XL:     3   Next: 14%
Magic:  4/4        EV: 12    Int: 10    God:
Gold:   22         SH:  0    Dex: 10    Spells: 2/5 levels left

rFire    . . .     SeeInvis .   a - +1 dagger
rCold    + . .     Gourm    .   (no shield)
rNeg     + + +     Faith    .   b - +1 robe
rPois    ∞         Spirit   .   (no helmet)
rElec    .         Reflect  .   (no cloak)
rCorr    .         Harm     .   (no gloves)
MR       .....                  (no boots)
Stlth    ++........             (no amulet)
HPRegen  0.00/turn              (no ring)
MPRegen  0.09/turn              (no ring)

@: rotting
A: rotting body, claws 1, carnivore, cold resistance 1, negative energy
resistance 3, inhibited regeneration, torment resistance, unbreathing
a: no special abilities


You were on level 2 of the Dungeon.
You were not hungry.

You visited 1 branch of the dungeon, and saw 2 of its levels.

You collected 22 gold pieces.

Inventory:

Hand Weapons
 a - a +1 dagger (weapon)
Armour
 b - a +1 robe (worn)
Comestibles
 d - 3 rations
 f - 2 chunks of flesh


   Skills:
 * Level 1.7 Short Blades
 * Level 1.3 Armour
 + Level 2.1 Dodging
 - Level 3.2 Stealth
 - Level 1.7 Spellcasting
 - Level 2.4 Hexes


You had 2 spell levels left.
You knew the following spells:

 Your Spells              Type           Power        Failure   Level  Hunger
a - Corona                Hex            #......      12%         1    ##.....
b - Ensorcelled Hibernat  Hex/Ice        #.....       30%         2    ###....

Your spell library contained the following spells:

 Spells                   Type           Power        Failure   Level  Hunger
 Confuse                  Hex            #.......     34%         3    ####...
 Tukima's Dance           Hex            #.......     34%         3    ####...
 Dazzling Spray           Conj/Hex       #.....       52%         3    ####...


Dungeon Overview and Level Annotations

Branches:
Dungeon (2/15)

Altars:


Innate Abilities, Weirdness & Mutations

Your body is rotting away.
You thrive on raw meat.
You are immune to poison.
You have sharp fingernails.
You are carnivorous and can eat meat at any time.
Your flesh is cold resistant. (rC+)
You are immune to negative energy. (rN+++)
You do not regenerate when monsters are visible.
You are immune to unholy pain and torment.
You can survive without breathing.


Message History

You completely miss the wyvern zombie. The wyvern zombie bites you.
The goblin barely misses you. The wyvern zombie barely misses you.
You barely miss the wyvern zombie. The wyvern zombie barely misses you.
The goblin barely misses you.
You barely miss the wyvern zombie. The wyvern zombie bites you!
Ouch! That really hurt!
* * * LOW HITPOINT WARNING * * *
The goblin misses you.
You feel better. The wyvern zombie closely misses you.
The goblin barely misses you.
Unknown command.
You aren't carrying any scrolls.
Casting: Corona (safe; 12% risk of failure)
Confirm with . or Enter, or press ? or * to list all spells.
You don't know that spell.
The wyvern zombie bites you!
* * * LOW HITPOINT WARNING * * *
The wyvern zombie bites you!
Ouch! That really hurt!
You die...

#.#.##.#
#########.#..#.#
#......##......
#......#.....#+##
#......#......... ##
#......#......... .#
####......#.Z.......
.#
#..(..#....@g.......
.#
###.##.######....#..##
.# #...##.....##....#
.# #.#....###.##....#
.# #.#.##.# #.##....#
.# #.#.#### #.######..
.###.#.######.## ...
..##.#.##......# ...
..##.#.##.######


You could see a wyvern zombie and a goblin.

Vanquished Creatures
  An adder (D:2)
  A dart slug (D:1)
  A leopard gecko (D:1)
  2 bats (D:1)
  2 hobgoblins (D:1)
  4 frilled lizards
  A goblin (D:1)
  4 kobolds (D:1)
  3 rats (D:1)
19 creatures vanquished.

Notes
Turn   | Place    | Note
-------+----------+-------------------------------------------
     0 | D:1      | Borgoz the Ghoul Enchanter began the quest for the Orb.
     0 | D:1      | Reached XP level 1. HP: 14/14 MP: 2/2
    43 | D:1      | Reached skill level 1 in Short Blades
   369 | D:1      | Reached XP level 2. HP: 12/20 MP: 3/3
   391 | D:1      | Learned a level 2 spell: Ensorcelled Hibernation
   497 | D:1      | Reached skill level 1 in Armour
  1007 | D:2      | Reached XP level 3. HP: 26/26 MP: 4/4
  1052 | D:2      | Mangled by a wyvern zombie

Skill      XL: |  1  2 |
---------------+-------+-----
Short Blades   | 1 |  1.7
Dodging        | 2 |  2.1
Armour         | 1 |  1.3
Stealth        | |  3.2
Spellcasting   | |  1.7
Hexes          | |  2.4

Action                   || total
-------------------------++-------
Melee: Dagger            ||    79
 Cast: Corona            ||     3
  Use: Scroll            ||     5
       Potion            ||     5
 Stab: Sleeping          ||     3
  Eat: Chunk             ||     3
Armor: Robe              ||     5
Dodge: Dodged            ||    54
